 Dungeon Crawl Stone Soup version 0.28-a0-1387-g3a22ab9bdc (webtiles) character file.

Game seed: 3300350787505191933

2575 bande the Cleaver (level 9, -4/55 HPs)
             Began as a Gargoyle Fighter on Jan 3, 2022.
             Was a Believer of Okawaru.
             Slain by Harold (19 damage)
             ... on level 7 of the Dungeon.
             The game lasted 00:14:42 (9238 turns).

bande the Cleaver (Gargoyle Fighter)                Turns: 9238, Time: 00:14:44

Health: -4/55      AC: 20    Str: 20      XL:     9   Next: 57%
Magic:  12/12      EV: 11    Int:  7 (9)  God:    Okawaru [**....]
Gold:   292        SH:  5    Dex: 13      Spells: 8/8 levels left

rFire   . . .      SeeInvis .   a - +1 war axe (chaos)
rCold   + . .      Faith    .   c - +0 buckler
rNeg    + . .      Spirit   .   f - +0 chain mail
rPois   ∞          Reflect  .   (no helmet)
rElec   +          Harm     .   q - +0 cloak
rCorr   .          Rampage  .   l - +0 pair of gloves
Will    .....                   k - +0 pair of boots
Stlth   ..........              (no amulet)
HPRegen 0.18/turn               t - ring of protection from cold
MPRegen 0.13/turn               i - +4 ring of evasion

@: marked
A: sickness immunity, AC +6, negative energy resistance 1, electricity
resistance, torment resistance 1, petrification resistance, deterioration 1
a: Renounce Religion, Heroism


You were on level 7 of the Dungeon.
You worshipped Okawaru.
Okawaru was pleased with you.
You visited 2 branches of the dungeon, and saw 8 of its levels.

You collected 292 gold pieces.

Inventory:

Hand Weapons
 a - a +1 war axe of chaos (weapon)
 v - a +0 war axe
 w - a +2 vorpal flail
Armour
 c - a +0 buckler (worn)
 f - a +0 chain mail (worn)
 k - a +0 pair of boots (worn)
 l - a +0 pair of gloves (worn)
 m - an orb of wrath
 q - a +0 cloak (worn)
Jewellery
 i - a +4 ring of evasion (right hand)
 n - a ring of fire
 s - a +6 ring of intelligence
 t - a ring of protection from cold (left hand)
Scrolls
 g - a scroll of amnesia
 h - 5 scrolls of teleportation
 j - 3 scrolls of identify
 o - a scroll of brand weapon
Potions
 b - 5 potions of brilliance
 d - 3 potions of might
 e - a potion of magic {unknown}
 p - a potion of ambrosia {unknown}
 r - 3 potions of cancellation
 u - a potion of berserk rage {unknown}


   Skills:
 + Level 6.3 Fighting
 + Level 8.2 Axes
 + Level 6.5 Armour
 + Level 4.9 Shields
 * Level 5.0 Invocations


You had 8 spell levels left.
You didn't know any spells.
Your spell library contained the following spells:

 Spells                   Type           Power      Damage    Failure   Level
 Corpse Rot               Necr/Air       0%         N/A       99%         2
 Poisonous Vapours        Pois/Air       0%         N/A       99%         2
 Scorch                   Fire           0%         2d5       99%         2
 Flame Wave               Conj/Fire      0%         2d4       100%        4
 Summon Cactus Giant      Summ           Unusable   N/A       N/A         6

Dungeon Overview and Level Annotations

Branches:
Dungeon (7/15)             Temple (1/1) D:4

Altars:
Ashenzari
Cheibriados
Dithmenos
Elyvilon
Gozag
Kikubaaqudgha
Nemelex Xobeh
Okawaru
Qazlal
Ru
Trog
Uskayaw
Vehumet
Wu Jian
Xom
Yredelemnul
Zin

Shops:
D:4 =

Annotations:
D:7 Harold, Pikel


Innate Abilities, Weirdness & Mutations

You are immune to sickness and miasma.
Your stone body is resilient. (AC +6)
You are immune to poison.
You resist negative energy. (rN+)
You are resistant to electric shocks. (rElec)
You are resistant to unholy torment.
You are immune to petrification.
Your body sometimes deteriorates upon taking damage.


Message History

j - 3 scrolls of identify
Found a stone staircase leading down.
Harold the Weathered comes into view.
He is wielding a +0 hand axe and carrying a wand of digging (8).
Harold shouts!
Harold says happily, "The price on your head will fill my nest egg nicely!"
A lemure comes into view.
The lemure shouts!
You hear a shout! x2
A lemure comes into view.
Harold casts a spell at you. A sentinel's mark forms upon you.
Harold hits you but does no damage.
A lemure comes into view.
You hit Harold.
Harold is lightly wounded.
Harold blinks!
Pikel, Merchant of Souls comes into view.
He is wielding a +2 whip of flaming and wearing a +0 robe of positive energy.
A lemure comes into view.
You block the lemure's attack. Harold hits you with a +0 hand axe.
You barely miss Harold.
Harold is lightly wounded.
You miss the lemure. The lemure hits you but does no damage.
Harold hits you with a +0 hand axe!
You hit Harold.
Harold goes berserk!
Harold is lightly wounded.
You hit the lemure. You burn the lemure. You hit the lemure.
You freeze the lemure. Harold hits you but does no damage. The lemure hits you!
The lemure barely misses you.
You closely miss Harold.
Harold is lightly wounded.
Your chain mail prevents you from hitting the lemure.
You slash the lemure! You burn the lemure. Harold closely misses you.
The lemure hits you. The lemure hits you but does no damage.
Harold hits you with a +0 hand axe!
* * * LOW HITPOINT WARNING * * *
Harold rages.
Harold rages.
Harold barely misses you. Harold hits you but does no damage.
Harold hits you with a +0 hand axe!!
You die...

.................#.>.#
.....................
...................# #
.....###.#.........## .#
....#####...........#...
#.(##..##.............#
#...................# .
#.#............#..#.....
..#............#@## ....
...............#@5#.....
...............K5.....#
......................#
..........###5........#
#....#....##5....##...#
###.##..........# ##.#
......#.### .# ...######
#


You could see Harold (berserk), Pikel and 4 lemures.

Vanquished Creatures
  Menkaure (D:4)
  Duvessa (D:7)
  An orc warrior (D:5)
  3 ice beasts
  3 black bears
  2 necrophages (D:6)
  A centaur (D:6)
  3 ogres
  2 phantoms
  A bullfrog (D:7)
  A gnoll sergeant (D:4)
  A scorpion (D:4)
  A wyvern skeleton (D:5)
  Dowan (D:7)
  2 centaur zombies (D:6)
  4 hounds
  A bullfrog zombie (D:5)
  2 orc priests
  Crazy Yiuf (D:4)
  A bullfrog skeleton (D:7)
  A scorpion zombie (D:5)
  Natasha (D:2)
  A centaur skeleton (D:6)
  3 iguanas (D:6)
  An orc wizard (D:4)
  2 killer bee zombies
  A howler monkey zombie (D:3)
  4 gnolls
  10 adders
  An adder skeleton (D:4)
  A worm (D:2)
  3 dart slugs
  12 orcs
  7 bats
  4 endoplasms
  3 giant cockroaches
  5 hobgoblins
  2 quokkas (D:4)
  6 ball pythons
  3 frilled lizards
  7 goblins
  6 kobolds
  6 rats
123 creatures vanquished.

Vanquished Creatures (others)
  5 demonic plants (D:3)
  5 fungi (D:3)
  3 plants (D:3)
  5 withered plants (D:3)
18 creatures vanquished.

Grand Total: 141 creatures vanquished

Notes
Turn   | Place    | Note
-------+----------+-------------------------------------------
     0 | D:1      | bande the Gargoyle Fighter began the quest for the Orb.
     0 | D:1      | Reached XP level 1. HP: 14/14 MP: 1/1
   130 | D:1      | Reached XP level 2. HP: 16/19 MP: 2/2
   553 | D:2      | Reached skill level 2 in Axes
   810 | D:2      | Reached XP level 3. HP: 18/23 MP: 3/3
  1217 | D:2      | Noticed Natasha
  1228 | D:2      | Killed Natasha
  1229 | D:2      | Reached XP level 4. HP: 19/29 MP: 4/4
  1939 | D:3      | Reached skill level 3 in Axes
  2223 | D:3      | Reached XP level 5. HP: 33/33 MP: 5/5
  2279 | D:3      | Found a faded altar of an unknown god.
  2970 | D:4      | Noticed Menkaure
  2977 | D:4      | Killed Menkaure
  2978 | D:4      | Reached skill level 4 in Axes
  2978 | D:4      | Reached XP level 6. HP: 12/39 MP: 6/6
  3161 | D:4      | Found a staircase to the Ecumenical Temple.
  3179 | Temple   | Entered the Ecumenical Temple
  3288 | Temple   | Became a worshipper of Warmaster Okawaru
  3365 | D:4      | Found a white marble altar of Elyvilon.
  3472 | D:4      | Reached XP level 7. HP: 36/44 MP: 7/7
  3649 | D:4      | Found a runed translucent door.
  3650 | D:4      | Noticed Crazy Yiuf
  3974 | D:3      | Reached skill level 1 in Invocations
  4041 | D:4      | Reached skill level 5 in Axes
  4289 | D:4      | Found Doimuuluu's Jewellery Emporium.
  4652 | D:4      | Killed Crazy Yiuf
  4814 | D:5      | Entered Level 5 of the Dungeon
  5123 | D:4      | Reached skill level 5 in Armour
  5343 | D:5      | Gained mutation: You are weak. (Str -2) [potion of
                  | mutation]
  5344 | D:5      | Lost mutation: You are weak. (Str -2) [potion of mutation]
  5344 | D:5      | Gained mutation: Your body sometimes deteriorates upon
                  | taking damage. [potion of mutation]
  5877 | D:5      | Reached skill level 5 in Fighting
  5877 | D:5      | Reached XP level 8. HP: 25/49 MP: 9/9
  6144 | D:5      | Reached * piety under Okawaru
  6249 | D:5      | Reached skill level 6 in Axes
  7855 | D:6      | Found a radiant altar of Vehumet.
  7958 | D:6      | Reached ** piety under Okawaru
  7959 | D:6      | Reached skill level 7 in Axes
  7973 | D:6      | Reached XP level 9. HP: 30/55 MP: 10/12
  8918 | D:7      | Noticed Duvessa
  8919 | D:7      | Noticed Dowan
  8927 | D:7      | Killed Dowan
  8928 | D:7      | Reached skill level 8 in Axes
  8943 | D:7      | Killed Duvessa
  9093 | D:7      | Reached skill level 5 in Invocations
  9225 | D:7      | Noticed Harold
  9231 | D:7      | Noticed Pikel
  9238 | D:7      | Slain by Harold

Illustrated notes

Levels and vault maps discovered:
D:1:      elethiomel_arrival_shortcut, layout_rooms
D:2:      layout_loops_cross, amethyst_killhole, minmay_tromino_v4_a,
          uniq_natasha
D:3:      layout_basic, shapermc_ecumenical_altar_gd
D:4:      layout_loops_ring, old_standard_altar, temple_hall, serial_shops,
          shop, lightli_minifort, uniq_menkaure, uniq_crazy_yiuf_cottage
D:5:      layout_loops_ring
D:6:      layout_gridville, fiery_altar_vehumet, minmay_bent
D:7:      layout_cave_pools, nicolae_sif_muna_little_library,
          kennysheep_generic_room_15, uniq_pikel, uniq_harold, uniq_duvessa
Temple:   mainiacjoe_temple_bowtie_tessellation

Skill      XL: |  1  2  3  4  5  6  7  8  9 |
---------------+----------------------------+-----
Axes           | 2 3 4 5 7 8 |  8.2
Armour         | 4 5 6 |  6.5
Fighting       | 4 5 6 |  6.3
Shields        | 4 |  4.9
Invocations    | 2 4 5 |  5.0

Action                   |  1- 3 |  4- 6 |  7- 9 || total
-------------------------+-------+-------+-------++-------
Melee: War axe           |    86 |   141 |   296 ||   523
  Use: Scroll            |       |       |    16 ||    16
       Potion            |       |       |     4 ||     4
 Stab: Paralysed         |       |       |     3 ||     3
Armor: Scale mail        |    58 |    81 |    56 ||   195
       Chain mail        |       |       |   164 ||   164
Dodge: Dodged            |    35 |    64 |   178 ||   277
Block: Buckler           |    21 |    24 |    64 ||   109

Table legend: (Time is in decaauts)
 A = Elapsed time spent in this place.
 B = Non-inter-level travel time spent in this place.
 C = Inter-level travel time spent in this place.
 D = Time resting spent in this place.
 E = Time spent auto-exploring this place.
 F = Levels seen in this place.
 G = Mean time per level.
                   A        B        C        D        E       F      G
               +--------+--------+--------+--------+--------+-----+--------+
         Total |   9392 |   9106 |    286 |   2353 |   4934 |   8 | 1174.0 |
       Dungeon |   9232 |   8982 |    250 |   2353 |   4839 |   7 | 1318.9 |
        Temple |    160 |    124 |     36 |      0 |     95 |   1 |  160.0 |
               +--------+--------+--------+--------+--------+-----+--------+

Top non-repeatable levels by time:
     D:4: 2268 daAuts
     D:5: 2087 daAuts
     D:6: 1455 daAuts
     D:2: 1283 daAuts
     D:3: 1155 daAuts
     D:1: 571 daAuts
     D:7: 411 daAuts
  Temple: 160 daAuts
